 Dungeon Crawl Stone Soup version 0.19.1 (webtiles) character file.

7199 aspy the Summoner (level 10, -12/121 HPs)
             Began as a White Draconian Summoner on Dec 18, 2016.
             Was a High Priest of Sif Muna.
             Mangled by a white ugly thing (35 damage)
             ... on level 11 of the Dungeon.
             The game lasted 02:13:54 (15273 turns).

aspy the Summoner (White Draconian Summoner)       Turns: 15273, Time: 02:13:55

Health: -12/121    AC: 25    Str: 12    XL:     10   Next: 87%
Magic:  8/21       EV:  2    Int: 22    God:    Sif Muna [*****.]
Gold:   212        SH:  0    Dex: 16    Spells: 4 memorised, 12 levels left

rFire  . . .     SeeInvis .     a - +2 dagger (elec)
rCold  . . .     Gourm    .     (armour unavailable)
rNeg   + + +     Faith    +     (no shield)
rPois  +         Spirit   .     (helmet currently unavailable)
rElec  .         Reflect  .     (cloak currently unavailable)
rCorr  .         Harm     .     (gloves currently unavailable)
MR     .....     NoTele   +     (boots currently unavailable)
Stlth  +++.......               v - amulet of faith
                                E - ring of poison resistance
                                N - +4 ring of intelligence

@: agile, tree-form, divine energy
A: (breathe frost), unfitting armour, (cold resistance 0), (cold-blooded), AC +7
a: Stop Divine Energy, Channel Magic, Forget Spell, Renounce Religion


You were on level 11 of the Dungeon.
You worshipped Sif Muna.
Sif Muna was extremely pleased with you.
You were not hungry.
You were a tree.
You visited 2 branches of the dungeon, and saw 12 of its levels.
You also visited: Ossuary.

You collected 610 gold pieces.
You spent 398 gold pieces at shops.

Inventory:

Hand Weapons
 a - a +2 dagger of electrocution (weapon)
 b - a +0 hunting sling
 d - a +0 club
Missiles
 h - 239 stones (quivered)
 r - 62 sling bullets
 Q - a throwing net
Armour
 j - a +1 pair of boots (melded)
 H - a +0 pair of gloves (melded)
 R - a +2 hat (melded)
 S - a +0 cloak (melded)
Jewellery
 s - an uncursed ring of protection from cold
 v - an amulet of faith (around neck)
 E - a ring of poison resistance (right branch)
 F - an uncursed ring of positive energy
 N - a +4 ring of intelligence (left branch)
Wands
 y - a wand of random effects (23/48)
 A - a wand of polymorph (24/24)
 C - a wand of random effects (25/48)
 U - a wand of enslavement (2/24)
Scrolls
 f - 3 scrolls of fog
 k - 6 scrolls of remove curse
 n - a scroll of enchant weapon
 t - a scroll of immolation
 u - 7 scrolls of recharging
 D - 4 scrolls of noise
 G - 2 scrolls of fear
 K - 3 scrolls of magic mapping
 L - a scroll of amnesia
 M - 2 scrolls of random uselessness {unknown}
 O - a scroll of teleportation {unknown}
Potions
 e - a potion of lignification
 l - 9 potions of curing
 m - 2 potions of ambrosia
 o - a potion of mutation
 p - a potion of flight
 w - a potion of might
 x - a potion of magic
 J - 3 potions of brilliance
Books
 g - a book of Callings

   Spells                             Type                      Level
   a - Summon Small Mammal            Summoning                    1
   b - Call Imp                       Summoning                    2
   c - Call Canine Familiar           Summoning                    3
   d - Summon Guardian Golem          Hexes/Summoning              3
   e - Summon Lightning Spire         Summoning/Air                4
   f - Summon Ice Beast               Ice/Summoning                4
 B - a book of Air

   Spells                             Type                      Level
   a - Shock                          Conjuration/Air              1
   b - Swiftness                      Charms/Air                   2
   c - Repel Missiles                 Charms/Air                   2
   d - Static Discharge               Conjuration/Air              3
   e - Lightning Bolt                 Conjuration/Air              5
 P - Sif Muna's Reference Book on Good Luck and Calling
   (Sif Muna gifted it to you on level 11 of the Dungeon)

   Spells                             Type                      Level
   a - Infusion                       Charms                       1
   b - Aura of Abjuration             Summoning                    5
   c - Summon Demon                   Summoning                    5
   d - Monstrous Menagerie            Summoning                    7
   e - Summon Hydra                   Summoning                    7
   f - Summon Horrible Things         Summoning                    8
 T - a book of Geomancy

   Spells                             Type                      Level
   a - Sandblast                      Earth                        1
   b - Passwall                       Transmutation/Earth          2
   c - Stone Arrow                    Conjuration/Earth            3
   d - Petrify                        Transmutation/Earth          4
   e - Lee's Rapid Deconstruction     Earth                        5
Comestibles
 i - 4 bread rations
 z - 13 fruits
 W - a royal jelly


   Skills:
 - Level 5.0 Fighting
 - Level 1.9 Short Blades
 + Level 5.8 Dodging
 - Level 3.3 Stealth
 + Level 7.4 Spellcasting
 * Level 9.8 Summonings
 - Level 6.1 Ice Magic
 - Level 6.2 Air Magic


You had 12 spell levels left.
You knew the following spells:

 Your Spells              Type           Power        Failure   Level  Hunger
a - Summon Small Mammal   Summ           ####         1%          1    None
b - Summon Ice Beast      Ice/Summ       #####...     3%          4    ###....
c - Summon Lightning Spi  Summ/Air       #####...     3%          4    ###....
d - Call Imp              Summ           ######..     1%          2    None


Dungeon Overview and Level Annotations

Branches:
Dungeon (11/15)            Temple (1/1) D:4             Orc (0/2) D:10
   Lair: D:8-11

Altars:
Ashenzari
Cheibriados
Dithmenos
Elyvilon
Fedhas
Gozag
Hepliaklqana
Kikubaaqudgha
Makhleb
Nemelex Xobeh
Okawaru
Qazlal
Ru
Sif Muna
Trog
Uskayaw
Vehumet
Xom
Yredelemnul
Zin
The Shining One

Shops:
D:7 =%[![


Innate Abilities, Weirdness & Mutations

((You can breathe waves of freezing cold.))
((You can buffet flying creatures when you breathe cold.))
((Your icy white scales are hard. (AC +7)))
You cannot fit into any form of body armour.
((Your flesh is cold resistant. (rC+)))
((You are cold-blooded and may be slowed by cold attacks.))


Message History

Casting: Summon Ice Beast
Confirm with . or Enter, or press ? or * to list all spells.
A chill wind blows around you.
The fire bat bites your lightning spire but does no damage. x2
The white ugly thing kicks you.
* * * LOW HITPOINT WARNING * * *
The white ugly thing freezes you!!
* * * LOW HITPOINT WARNING * * *
Your lightning spire shoots out a bolt of lightning at the fire bat!
The bolt of electricity hits the fire bat.
The fire bat bites your lightning spire.
Your lightning spire is engulfed in flames.
Your lightning spire resists.
Your ice beast misses the fire bat.
You feel much better.
The fire bat bites your lightning spire but does no damage. x2
The white ugly thing kicks you.
* * * LOW HITPOINT WARNING * * *
The white ugly thing freezes you!!
You die...

#....#).........#
#....#.....##.... ..
..:#\..
.+....###....#.### #..
.[).. ..#....# #.#....#
#... ..... ...#....#
###..###
#..##...##..##....#
#....# #...bb..b.#
#YY..###.##'##
#.....[.####8b..........#
#...8.##.)♣u...........#
#.###..#####....#....#
#.....## #....#....#
####### #....#....#
#....#....# #....#....#
#....#....# ######....#
#....#


You could see a white ugly thing, a fire bat, 2 friendly ice beasts and a
friendly lightning spire.

Vanquished Creatures
  Duvessa (D:5)
  An orc warrior (D:7)
  4 ogres
  2 phantoms (D:8)
  3 centaurs
  A crocodile (D:10)
  An elf zombie (Ossuary)
  A big kobold (D:10)
  3 bullfrogs
  6 killer bees
  A crimson imp (D:6)
  2 centaur zombies
  A bullfrog skeleton (D:5)
  A bullfrog zombie (D:5)
  A human zombie (Ossuary)
  3 orc priests
  A hound (D:10)
  An iguana (D:7)
  7 orc wizards
  6 worker ants
  A mummy (Ossuary)
  4 adders
  An adder zombie (Ossuary)
  An adder skeleton (D:8)
  3 leopard geckos
  29 orcs
  2 ball pythons
  4 giant cockroaches
  5 goblins
  3 hobgoblins
  3 jackals
  8 kobolds
  A quokka (D:9)
  9 bats
  3 frilled lizards
  3 hobgoblin zombies (Ossuary)
  A jackal skeleton (D:8)
  5 kobold zombies (Ossuary)
  2 orc zombies (Ossuary)
  8 rats
143 creatures vanquished.

Vanquished Creatures (collateral kills)
  A fire dragon (D:11)
  2 hill giants
  An ugly thing (D:9)
  A cyclops (D:11)
  A two-headed ogre (D:10)
  2 hippogriffs
  A wraith (D:10)
  Sigmund (D:5)
  6 yaks
  2 wyverns (D:11)
  A fire bat (D:11)
  Eustachio (D:5)
  An orc warrior (D:11)
  2 black bears
  A sky beast (D:5)
  2 ice beasts
  A phantom (D:10)
  4 ogres
  A necrophage (D:8)
  2 crocodiles
  A big kobold (D:10)
  Blork the orc (D:4)
  2 bullfrogs
  A wyvern zombie (D:10)
  A water moccasin zombie (D:10)
  2 scorpions
  Dowan (D:5)
  16 killer bees
  3 wights (D:10)
  6 howler monkeys
  2 electric eels (D:8)
  A centaur zombie (Ossuary)
  4 crimson imps
  A bullfrog zombie (D:5)
  A human zombie (Ossuary)
  15 orc priests
  3 hounds
  5 jellies
  11 orc wizards
  6 worker ants
  A killer bee zombie (D:5)
  A mummy (Ossuary)
  Robin (D:3)
  13 gnolls
  3 adders
  2 shadow imps
  An adder zombie (Ossuary)
  2 worms
  A leopard gecko (D:6)
  57 orcs
  2 giant cockroaches (D:1)
  13 goblins
  5 hobgoblins
  6 jackals
  2 quokkas
  5 bats
  A frilled lizard (D:5)
  2 goblin zombies (Ossuary)
  7 hobgoblin zombies (Ossuary)
  A jackal skeleton (D:5)
  A jackal zombie (Ossuary)
  6 kobolds
  6 kobold zombies (Ossuary)
  A leopard gecko skeleton (D:4)
  3 orc zombies (Ossuary)
  A rat (D:11)
  A rat zombie (Ossuary)
262 creatures vanquished.

Vanquished Creatures (others)
  A killer bee (D:8)
  An orc wizard (D:10)
  11 fungi (D:11)
  7 plants (D:11)
20 creatures vanquished.

Grand Total: 425 creatures vanquished

Notes
Turn   | Place    | Note
-------+----------+-------------------------------------------
     0 | D:1      | aspy the Draconian Summoner began the quest for the Orb.
     0 | D:1      | Reached XP level 1. HP: 14/14 MP: 3/3
   422 | D:1      | Reached XP level 2. HP: 20/20 MP: 3/5
   475 | D:1      | Learned a level 2 spell: Call Imp
  1486 | D:2      | Reached XP level 3. HP: 26/26 MP: 1/7
  2342 | D:3      | Reached skill level 5 in Summonings
  2342 | D:3      | Reached XP level 4. HP: 33/33 MP: 5/8
  2348 | D:3      | Learned a level 4 spell: Summon Lightning Spire
  2465 | D:3      | Noticed an ogre
  2498 | D:3      | Killed an ogre
  2498 | D:3      | Reached XP level 5. HP: 38/38 MP: 4/10
  3243 | D:3      | Noticed Robin
  3251 | D:3      | Killed Robin
  3423 | D:4      | Found a staircase to the Ecumenical Temple.
  3432 | Temple   | Entered the Ecumenical Temple
  3609 | Temple   | Became a worshipper of Sif Muna the Loreminder
  4043 | D:4      | Reached XP level 6. HP: 45/45 MP: 8/11
  4173 | D:4      | Noticed Blork the orc
  4209 | D:4      | Killed Blork the orc
  4443 | D:5      | Entered Level 5 of the Dungeon
  5020 | D:5      | Noticed Eustachio
  5116 | D:5      | Noticed Dowan
  5117 | D:5      | Noticed Duvessa
  5151 | D:5      | Killed Dowan
  5151 | D:5      | Reached * piety under Sif Muna
  5151 | D:5      | Reached skill level 5 in Air Magic
  5151 | D:5      | Your scales start taking on an icy white colour.
  5151 | D:5      | Reached XP level 7. HP: 49/50 MP: 3/13
  5151 | D:5      | Gained mutation: Your flesh is cold resistant. (rC+) [White Draconian growth]
  5163 | D:5      | Killed Duvessa
  5466 | D:5      | Learned a level 4 spell: Summon Ice Beast
  5592 | D:5      | Reached skill level 1 in Ice Magic
  5667 | D:5      | Noticed Sigmund
  5975 | D:5      | Killed Sigmund
  5975 | D:5      | Reached skill level 6 in Summonings
  6550 | D:5      | Killed Eustachio
  6550 | D:5      | Reached XP level 8. HP: 52/57 MP: 4/15
  6593 | D:6      | Reached ** piety under Sif Muna
  6833 | D:6      | Reached skill level 5 in Spellcasting
  6938 | D:6      | Found a sand-covered staircase.
  6986 | D:6      | Reached skill level 7 in Summonings
  6988 | Ossuary  | Entered an ossuary
  7666 | D:6      | Reached skill level 1 in Fighting
  7881 | D:6      | Noticed a hippogriff
  7892 | D:6      | Killed a hippogriff
  7892 | D:6      | Reached skill level 8 in Summonings
  8165 | D:7      | Found Riororph's Jewellery Shop.
  8294 | D:7      | Reached *** piety under Sif Muna
  8619 | D:7      | Found Cezicwoi's Food Shoppe.
  8645 | D:7      | Found Micwiel's Distillery.
  8650 | D:7      | Reached XP level 9. HP: 67/67 MP: 9/16
  8679 | D:7      | Found Riahi Yca's Antique Armour Shoppe.
  8682 | D:7      | Bought a potion of invisibility for 88 gold pieces
  8682 | D:7      | Bought a potion of brilliance for 44 gold pieces
  8738 | D:7      | Found Qosmebi's Armour Shop.
  8827 | D:7      | Reached skill level 5 in Ice Magic
 10207 | D:8      | Reached skill level 9 in Summonings
 10315 | D:8      | Reached skill level 1 in Short Blades
 10947 | D:8      | Reached **** piety under Sif Muna
 11708 | D:9      | Noticed a purple ugly thing
 11746 | D:9      | Killed a purple ugly thing
 12152 | D:9      | Reached XP level 10. HP: 18/77 MP: 1/19
 12694 | D:7      | Bought a brightly glowing cloak for 266 gold pieces
 12699 | D:7      | Identified the cursed -3 cloak "Ditus" {Str+3} (You bought it in a shop on level 7 of the Dungeon)
 13154 | D:10     | Entered Level 10 of the Dungeon
 13297 | D:10     | Found a staircase to the Orcish Mines.
 13585 | D:10     | Noticed a hill giant
 13605 | D:10     | Killed a hill giant
 14081 | D:10     | Reached ***** piety under Sif Muna
 14145 | D:10     | Reached skill level 5 in Dodging
 14429 | D:11     | Identified Sif Muna's Reference Book on Good Luck and Calling (Sif Muna gifted it to you on level 11 of the Dungeon)
 14429 | D:11     | Received a gift from Sif Muna
 14451 | D:11     | Reached skill level 5 in Fighting
 14679 | D:11     | Noticed a hill giant
 14685 | D:11     | Killed a hill giant
 14705 | D:11     | Noticed a cyclops
 14726 | D:11     | Killed a cyclops
 14739 | D:11     | Noticed a fire dragon
 15050 | D:11     | Killed a fire dragon
 15263 | D:11     | Noticed a white ugly thing
 15272 | D:11     | HP: 4/121 [white ugly thing (28)]
 15273 | D:11     | Mangled by a white ugly thing

Skill      XL: |  1  2  3  4  5  6  7  8  9 10 |
---------------+-------------------------------+-----
Spellcasting   | 3 4 5 6 7 |  7.4
Summonings     | 5 6 8 9 |  9.8
Air Magic      | 2 3 5 6 |  6.2
Ice Magic      | 2 4 6 |  6.1
Dodging        | 2 3 5 |  5.8
Fighting       | 2 3 5 |  5.0
Short Blades   | 1 |  1.9
Stealth        | 3 |  3.3

Action                   |  1- 3 |  4- 6 |  7- 9 | 10-12 || total
-------------------------+-------+-------+-------+-------++-------
Melee: Unarmed           |     7 |       |       |       ||     7
       Club              |     3 |       |       |       ||     3
       Tailslap          |     1 |       |    28 |    19 ||    48
       Mace              |     2 |       |       |       ||     2
       Dagger            |       |       |   223 |   136 ||   359
 Fire: Hunting sling     |    66 |   123 |    21 |       ||   210
 Cast: Summon Small Mamm |    18 |       |       |       ||    18
       Call Imp          |    19 |    59 |    84 |       ||   162
       Summon Lightning  |       |     2 |    55 |    51 ||   108
       Summon Ice Beast  |       |       |    19 |    14 ||    33
Invok: Divine Energy     |       |       |     1 |       ||     1
 Abil: Breathe Frost     |       |       |    13 |     6 ||    19
  Use: Scroll            |     2 |     4 |    15 |     2 ||    23
       Potion            |       |       |       |     6 ||     6
 Stab: Sleeping          |       |       |     4 |     2 ||     6
       Distracted        |       |       |     2 |     1 ||     3
  Eat: Chunk             |     5 |     9 |    24 |    12 ||    50
       Meat ration       |       |     1 |     1 |       ||     2
       Beef jerky        |       |       |     1 |       ||     1
       Bread ration      |       |       |     1 |     2 ||     3
       Fruit             |       |       |     2 |       ||     2
Armor: Skin              |    12 |     7 |    85 |    40 ||   144
Dodge: Dodged            |    35 |    14 |   202 |    85 ||   336
